 Dungeon Crawl Stone Soup version 0.20-a0-1074-g6a0a8e1 (webtiles) character file.

13316 kidcy the Basher (level 11, -3/90 HPs)
             Began as a Demonspawn Gladiator on Apr 29, 2017.
             Was an Initiate of Gozag.
             Killed from afar by an ice statue (22 damage)
             ... with a shard of ice
             ... in an ice cave.
             The game lasted 00:24:11 (13249 turns).

kidcy the Basher (Demonspawn Gladiator)            Turns: 13249, Time: 00:24:12

Health: -3/90      AC: 13    Str: 14    XL:     11   Next: 74%
Magic:  11/11      EV: 11    Int: 13    God:    Gozag
Gold:   1158       SH:  5    Dex: 17    Spells: 10/10 levels left

rFire    . . .     SeeInvis .   s - +2 flail (freeze)
rCold    . . .     Gourm    .   (no shield)
rNeg     + . .     Faith    .   F - +1 scale mail {rN+}
rPois    .         Spirit   .   c - +0 helmet
rElec    .         Reflect  +   (no cloak)
rCorr    .         Harm     .   (no gloves)
MR       .....                  (no boots)
Stlth    ..........             y - +5 amulet of reflection
Regen    0.3/turn               A - +2 ring of intelligence
MPRegen  0.2/turn               (no ring)

@: no status effects
A: claws 2, icy blue scales 2, powered by death 2, spiny 2
a: Potion Petition, Call Merchant, Bribe Branch, Renounce Religion


You were in an ice cave.
You worshipped Gozag.
Gozag was most pleased with you.
You were not hungry.

You visited 3 branches of the dungeon, and saw 13 of its levels.
You also visited: Ice Cave.

You collected 2483 gold pieces.
You spent 199 gold pieces at shops.
You paid 1126 gold pieces to Gozag.

Inventory:

Hand Weapons
 s - a +2 flail of freezing (weapon)
Missiles
 d - 4 throwing nets (quivered)
Armour
 c - a +0 helmet (worn)
 F - a +1 scale mail of positive energy (worn)
Jewellery
 y - a +5 amulet of reflection (around neck)
 A - a +2 ring of intelligence (left claw)
Wands
 b - a wand of flame (39/48)
 v - a wand of lightning (9/15)
 C - a wand of digging (3/24)
Scrolls
 a - 3 scrolls of identify
 f - a scroll of enchant weapon
 h - a scroll of fear
 i - 4 scrolls of remove curse
 j - 4 scrolls of recharging
 p - a scroll of teleportation
 x - a scroll of amnesia
 B - a scroll of immolation
Potions
 e - 2 potions of haste
 g - 5 potions of curing
 k - a potion of mutation {unknown}
 o - 4 potions of brilliance
 q - a potion of ambrosia {unknown}
 r - 3 potions of invisibility
 t - 3 potions of flight {unknown}
 w - a potion of magic {unknown}
Comestibles
 l - 17 royal jellies
 z - 3 bread rations
 E - 3 meat rations


   Skills:
 + Level 9.9 Fighting
 * Level 12.4 Maces & Flails
 - Level 1.7 Throwing
 + Level 8.7 Armour
 - Level 2.6 Dodging


You had 10 spell levels left.
You didn't know any spells.

Dungeon Overview and Level Annotations

Branches:
Dungeon (11/15)            Temple (1/1) D:4            Lair (1/6) D:8
    Orc (0/2) D:10

Altars:
Cheibriados
Dithmenos
Elyvilon
Fedhas
Gozag
Hepliaklqana
Kikubaaqudgha
Makhleb
Nemelex Xobeh
Okawaru
Qazlal
Ru
Sif Muna
Trog
Uskayaw
Vehumet
Wu Jian
Xom
Yredelemnul
Zin
The Shining One

Shops:
D:7 (

Annotations:
D:10 exclusion: downstairs IceCv exclusion: ice statue


Innate Abilities, Weirdness & Mutations

You have very sharp fingernails.
You are mostly covered in icy blue scales. (AC +3)
You regenerate health from kills.
You are mostly covered in sharp spines.


Message History

The ice statue gestures at you. The shard of ice hits you!
* * * LOW HITPOINT WARNING * * *
Unknown command.
You hit the ice statue but do no damage.
The ice statue is severely damaged.
The ice statue gestures.
Unknown command.
You hit the ice statue.
The ice statue is almost destroyed.
The ice statue gestures at you. The freezing blast misses you.
Unknown command.
Okay, then.
You feel much better.
You are engulfed in freezing vapours.
* * * LOW HITPOINT WARNING * * *
The ice statue gestures at you. The shard of ice hits you!
You die...
Your body crumbles into a pile of gold. ## .hh hh#

## ## #≈≈ ###
.##.#
≈≈##.##.#.#
###§§.#§..#
##..§8§§#.#
##...Y§@#.#
#..##.##§##
#.§####.##
#.####.##
#..#....#
##......##
#...###..##
##.#####..####
###.###...#.#


You could see an ice statue, a polar bear, an ice beast and 3 wolves.

Vanquished Creatures
  The ghost of BattleRest the Fighter, a novice MiFi of Okawaru (D:7)
  Pikel (D:4)
  2 komodo dragons
  A queen bee (D:11)
  2 polar bears (IceCv)
  4 slime creatures
  2 hornets
  3 hippogriffs
  A spriggan (D:8)
  6 yaks
  4 hungry ghosts
  2 water moccasins
  2 orc warriors
  A porcupine (Lair:1)
  5 sky beasts
  A necrophage (D:10)
  10 ice beasts
  A black bear (D:7)
  6 wolves
  3 ogres
  3 centaurs
  3 big kobolds
  2 crocodiles (Lair:1)
  8 bullfrogs
  A wyvern skeleton (D:10)
  7 scorpions
  37 killer bees
  11 wights
  8 crimson imps
  A centaur zombie (D:10)
  A bullfrog zombie (D:8)
  A quasit (D:9)
  6 hounds
  A jelly (D:10)
  2 orc priests
  16 orc wizards
  4 iguanas
  11 worker ants
  A killer bee zombie (D:7)
  A hound skeleton (D:4)
  Robin (D:4)
  A gnoll (D:1)
  7 adders
  3 shadow imps
  3 worms (D:3)
  9 leopard geckos
  57 orcs
  4 ball pythons
  4 giant cockroaches
  19 goblins
  9 hobgoblins
  9 jackals
  19 kobolds
  2 quokkas
  9 bats
  5 frilled lizards
  2 goblin skeletons (D:6)
  4 hobgoblin zombies (D:6)
  A kobold skeleton (D:6)
  A kobold zombie (D:6)
  2 orc skeletons (D:6)
  3 rats
357 creatures vanquished.

Vanquished Creatures (others)
  4 yaks (IceCv)
  An orc (D:6)
  3 plants (D:8)
8 creatures vanquished.

Grand Total: 365 creatures vanquished

Notes
Turn   | Place    | Note
-------+----------+-------------------------------------------
     0 | D:1      | kidcy the Demonspawn Gladiator began the quest for the Orb.
     0 | D:1      | Reached XP level 1. HP: 16/16 MP: 1/1
   133 | D:1      | Gained mutation: You are partially covered in sharp spines. [demonic ancestry]
   133 | D:1      | Reached XP level 2. HP: 18/23 MP: 2/2
   169 | D:1      | Reached skill level 3 in Maces & Flails
   169 | D:1      | Reached skill level 1 in Armour
   473 | D:1      | Gained mutation: You are partially covered in icy blue scales. (AC +2) [demonic ancestry]
   473 | D:1      | Reached XP level 3. HP: 22/28 MP: 3/3
   962 | D:2      | Gained mutation: You have sharp fingernails. [demonic ancestry]
   962 | D:2      | Reached XP level 4. HP: 23/34 MP: 4/4
  1099 | D:2      | Found a sparkling altar of Nemelex Xobeh.
  1348 | D:2      | Found a burning altar of Makhleb.
  1351 | D:2      | Noticed a blizzard demon
  1368 | D:2      | Found a glowing silver altar of Zin.
  1368 | D:2      | Noticed an angel
  2515 | D:3      | Reached XP level 5. HP: 39/41 MP: 5/5
  2516 | D:3      | Reached skill level 4 in Maces & Flails
  2613 | D:3      | Found a bloodstained altar of Trog.
  2613 | D:3      | Found an ornate altar of the Wu Jian Council.
  2867 | D:4      | Noticed Robin
  2898 | D:4      | Killed Robin
  3106 | D:4      | Gained mutation: You regenerate a little health from kills. [demonic ancestry]
  3106 | D:4      | Reached XP level 6. HP: 28/47 MP: 6/6
  3301 | D:4      | Noticed a slave
  3302 | D:4      | Noticed a slave
  3303 | D:4      | Noticed Pikel
  3303 | D:4      | Noticed a slave
  3303 | D:4      | Noticed a slave
  3346 | D:4      | Killed Pikel
  3346 | D:4      | Reached skill level 5 in Maces & Flails
  3346 | D:4      | Gained mutation: You regenerate health from kills. [demonic ancestry]
  3346 | D:4      | Reached XP level 7. HP: 49/55 MP: 7/7
  3451 | D:4      | Found a staircase to the Ecumenical Temple.
  3488 | Temple   | Entered the Ecumenical Temple
  3536 | Temple   | Became a worshipper of Gozag Ym Sagoz the Greedy
  3797 | D:5      | Entered Level 5 of the Dungeon
  3871 | D:5      | Reached skill level 6 in Maces & Flails
  4039 | D:5      | Found a basalt altar of Yredelemnul.
  4057 | D:5      | Found a shadowy altar of Dithmenos.
  4137 | D:5      | Found a blossoming altar of Fedhas.
  4137 | D:5      | Found an ancient bone altar of Kikubaaqudgha.
  4138 | D:5      | Found a shimmering altar of Xom.
  4203 | D:5      | Found a stormy altar of Qazlal.
  4464 | D:6      | Reached skill level 5 in Fighting
  4464 | D:6      | Gained mutation: You are mostly covered in icy blue scales. (AC +3) [demonic ancestry]
  4464 | D:6      | Reached XP level 8. HP: 55/62 MP: 8/8
  4584 | D:6      | Found a glowing golden altar of the Shining One.
  4885 | D:6      | Reached skill level 7 in Maces & Flails
  5072 | D:6      | You fall through a shaft for 2 floors!
  6216 | D:7      | Noticed BattleRest's ghost (novice MiFi)
  6319 | D:7      | Found Vaamodee's Weapon Shop.
  6331 | D:7      | Bought a +1 flail of draining for 199 gold pieces
  6471 | D:6      | Reached skill level 8 in Maces & Flails
  6904 | D:6      | Reached skill level 5 in Armour
  7153 | D:7      | Gained mutation: You are mostly covered in sharp spines. [demonic ancestry]
  7153 | D:7      | Reached XP level 9. HP: 65/69 MP: 9/9
  7265 | D:7      | Killed BattleRest's ghost
  7327 | D:7      | Reached skill level 9 in Maces & Flails
  7437 | D:7      | Found a sacrificial altar of Ru.
  7493 | D:7      | Found a basalt altar of Yredelemnul.
  8029 | D:8      | Found a staircase to the Lair.
  8030 | D:8      | Noticed a komodo dragon
  8079 | D:8      | Gained mutation: You have very sharp fingernails. [demonic ancestry]
  8079 | D:8      | Reached XP level 10. HP: 58/79 MP: 10/10
  8115 | D:8      | Reached skill level 10 in Maces & Flails
  9170 | D:10     | Entered Level 10 of the Dungeon
  9510 | D:10     | Found a staircase to the Orcish Mines.
  9528 | D:10     | Reached skill level 11 in Maces & Flails
 10220 | D:11     | HP: 3/82 [very large slime creature (36)]
 10706 | D:10     | Reached XP level 11. HP: 87/87 MP: 11/11
 12145 | D:11     | Noticed a red ugly thing
 12271 | Lair:1   | Entered Level 1 of the Lair of Beasts
 12280 | Lair:1   | Reached skill level 12 in Maces & Flails
 12581 | Lair:1   | Found a frozen archway.
 12620 | IceCv    | Entered an ice cave
 13249 | IceCv    | Killed from afar by an ice statue

Vault maps used:
D:1:      mrwooster_arrival_arrow
D:2:      grunt_temple_overflow_order_and_chaos_2,
          nemelex_xobeh_ov_fountains_minmay
D:3:      gammafunk_temple_overflow_elements, first_bread, minmay_crystal_room
D:4:      minmay_temple_entry_overgrown, uniq_pikel, uniq_robin
D:5:      nicolae_dithmenos_shadow_blocks, gammafunk_temple_overflow_claw,
          nicolae_overflow_crystal_walls, overflow_temple_1_default
D:6:      nicolae_tso_besieged_by_evil
D:7:      nicolae_ru_path_of_blood, serial_shops, shop, basic_altar
D:8:      david_lair_shrubbed, glass_columns_a, the_bakery
D:10:     hiddenorc1_lemuel
D:11:     uniq_fannar
Temple:   nicolae_temple_figure_zero
Lair:1:   basic_altar, portal_ice_cave_entry_ice_beasts,
          infiniplex_staircase_pool
IceCv:    ice_cave_caverns_02

Skill      XL: |  1  2  3  4  5  6  7  8  9 10 11 |
---------------+----------------------------------+-----
Maces & Flails | 3 4 5 6 8 9 11 12 | 12.4
Armour         | 1 2 3 4 5 6 7 8 |  8.7
Fighting       | 3 4 5 6 7 8 9 |  9.9
Throwing       | |  1.7
Dodging        | |  2.6

Action                   |  1- 3 |  4- 6 |  7- 9 | 10-12 || total
-------------------------+-------+-------+-------+-------++-------
Melee: Flail             |    68 |   139 |   289 |   544 ||  1040
       Morningstar       |       |       |    26 |       ||    26
Invok: Potion Petition   |       |       |       |     3 ||     3
Evoke: Wand              |       |       |       |     8 ||     8
  Use: Scroll            |       |       |    10 |     8 ||    18
       Potion            |       |       |     5 |     1 ||     6
 Stab: Sleeping          |     2 |     3 |       |       ||     5
       Distracted        |       |       |     1 |     6 ||     7
  Eat: Chunk             |       |     3 |       |       ||     3
       Bread ration      |       |     1 |     3 |     3 ||     7
       Meat ration       |       |       |     1 |     3 ||     4
       Royal jelly       |       |       |       |     1 ||     1
Armor: Leather armour    |    27 |    20 |       |       ||    47
       Scale mail        |       |    33 |   144 |   264 ||   441
Dodge: Dodged            |    40 |    75 |   137 |   268 ||   520
Block: Other             |       |       |       |    74 ||    74
       Reflection        |       |       |       |     7 ||     7
